 Dungeon Crawl Stone Soup version 0.31.0-11-ge490571c62 (webtiles) character file.

Game seed: 7512812039699152348

127064 totrandom the Lord of Darkness (level 16, -5/67 HPs)
             Began as a Felid Summoner on Jan 22, 2024.
             Was the Champion of Kikubaaqudgha.
             Slain by a thorn hunter (18 damage)
             ... on level 3 of the Swamp on Feb 7, 2024.
             The game lasted 03:50:37 (28387 turns).

totrandom the Lord of Darkness (Felid Summoner)    Turns: 28387, Time: 03:50:38

Health: -5/67      AC:  3    Str:  6    XL:     16   Next: 45%
Magic:  36/36      EV: 17    Int: 23    God:    Kikubaaqudgha [******]
Gold:   1520       SH:  0    Dex: 19    Spells: 1/45 levels left
                                        Lives:  0   Deaths: 5

rFire   + . .        (weapon unavailable)
rCold   + . .        (shield unavailable)
rNeg    . . .        (body armour unavailable)
rPois   .            (helmet unavailable)
rElec   .            (cloak unavailable)
rCorr   .            (gloves unavailable)
SInv    +            (boots unavailable)
Will    ++...        p - amulet of magic regeneration
Stlth   ++           i - ring of wizardry
HPRegen 0.31/turn    J - ring of protection from fire
MPRegen 0.65/turn

%: wizardry (x1)
@: studying Fighting
A: very small, claws 1, fangs 3, see invisible, shaggy fur 3, stealthy paws, no
weapons or thrown items, no armour, multi-lived
a: Renounce Religion, Unearth Wretches, Torment


You were on level 3 of the Swamp.
You worshipped Kikubaaqudgha.
Kikubaaqudgha was exalted by your worship.
You visited 5 branches of the dungeon, and saw 26 of its levels.
You also visited: Bailey.

You collected 2433 gold pieces.
You spent 913 gold pieces at shops.

Inventory:

Jewellery
 g - a ring of magical power
 i - a ring of wizardry (left paw)
 j - an amulet of regeneration
 p - an amulet of magic regeneration (around neck)
 x - a ring of willpower
 F - a +6 ring of strength
 H - a +6 ring of dexterity
 I - a ring of protection from cold
 J - a ring of protection from fire (right paw)
 K - an amulet of reflection
 L - the ring of Ascent {rElec Will- Str+3 Slay+4}
   (You found it on level 11 of the Dungeon)

   [ring of slaying]

   Str+3:     It affects your strength (+3).
   Slay+4:    It affects your accuracy & damage with ranged weapons and melee
   (+4).
   rElec:     It insulates you from electricity.
   Will-:     It decreases your willpower.
 O - a ring of fire
 P - the ring "Docwuegh" {Ice Fly Stlth+}
   (You took it off an orc on level 14 of the Dungeon)

   [ring of ice]

   Ice:       It enhances your ice magic.
   rF-:       It makes you vulnerable to fire.
   rC+:       It protects you from cold.
   Fly:       It grants you flight.
   Stlth+:    It makes you more stealthy.
Talismans
 U - a dragon-blood talisman
Wands
 e - a wand of mindburst (14)
 v - a wand of digging (8)
 A - a wand of paralysis (23)
 M - a wand of flame (49)
 T - a wand of polymorph (8)
Scrolls
 b - 3 scrolls of poison
 f - 8 scrolls of noise
 l - a scroll of summoning
 m - 4 scrolls of amnesia
 o - 7 scrolls of torment
 r - 8 scrolls of identify
 t - 6 scrolls of teleportation
 u - a scroll of vulnerability
 y - 2 scrolls of immolation
 z - 2 scrolls of blinking
 C - 5 scrolls of revelation
 D - 7 scrolls of fog
 N - 2 scrolls of fear
Potions
 a - a potion of attraction
 c - a potion of invisibility
 d - 5 potions of might
 h - 2 potions of haste
 k - 2 potions of ambrosia
 n - 3 potions of resistance
 q - 4 potions of curing
 s - 3 potions of enlightenment
 w - a potion of heal wounds
 B - 4 potions of lignification
 E - 5 potions of brilliance
 G - 4 potions of mutation
 S - a potion of magic
Miscellaneous
 Q - a lightning rod (4/4)
 R - a sack of spiders


   Skills:
 - Level 2.6 Dodging
 - Level 2.6 Stealth
 - Level 15.0 Spellcasting
 - Level 8.0 Hexes
 - Level 11.0 Summonings
 + Level 20.7 Necromancy
 - Level 5.0 Fire Magic
 - Level 5.0 Air Magic
 - Level 5.0 Evocations


You had one spell level left.
You knew the following spells:

 Your Spells              Type           Power      Damage    Failure   Level
a - Animate Dead          Necr           85%        N/A       0%          4
b - Blink                 Tloc           34%        N/A       1%          2
g - Summon Blazeheart Go  Fire/Summ      52%        N/A       1%          4
v - Borgnjor's Vile Clut  Necr/Erth      30%        N/A       1%          5
z - Summon Lightning Spi  Summ/Air       52%        N/A       1%          4
A - Anguish               Hex/Necr       35%        N/A       1%          4
D - Death Channel         Necr           42%        N/A       1%          6
H - Haunt                 Necr/Summ      37%        N/A       1%          7
I - Infestation           Necr           42%        N/A       1%          8

Your spell library contained the following spells:

 Spells                   Type           Power      Damage    Failure   Level
 Necrotise                Necr           100%       1d9       0%          1
 Apportation              Tloc           34%        N/A       1%          1
 Freeze                   Ice            68%        1d8       1%          1
 Kiss of Death            Conj/Necr      100%       2d13      1%          1
 Magic Dart               Conj           68%        1d6       1%          1
 Sting                    Conj/Alch      68%        1d7       1%          1
 Summon Small Mammal      Summ           100%       N/A       1%          1
 Sublimation of Blood     Necr           85%        N/A       0%          2
 Fugue of the Fallen      Necr           85%        N/A       0%          3
 Vampiric Draining        Necr           85%        2d12      0%          3
 Curse of Agony           Necr           85%        N/A       0%          5
 Call Imp                 Summ           100%       N/A       1%          2
 Cigotuvi's Dreadful Rot  Necr/Alch/Air  100%       N/A       1%          2
 Mercury Vapours          Alch/Air       56%        N/A       1%          2
 Searing Ray              Conj           34%        2d5       1%          2
 Call Canine Familiar     Summ           61%        N/A       1%          3
 Confusing Touch          Hex            52%        N/A       1%          3
 Dazzling Flash           Conj/Hex       70%        N/A       1%          3
 Inner Flame              Hex/Fire       47%        N/A       1%          3
 Volatile Blastmotes      Fire/Tloc      56%        2d14      1%          3
 Martyr's Knell           Necr/Summ      74%        N/A       1%          4
 Borgnjor's Revivificati  Necr           42%        N/A       1%          8
 Frozen Ramparts          Ice            34%        1d6       4%          3
 Hailstorm                Conj/Ice       17%        3d6       4%          3
 Stone Arrow              Conj/Erth      34%        3d9       4%          3
 Flame Wave               Conj/Fire      28%        2d9       4%          4
 Ignite Poison            Fire/Alch      28%        N/A       4%          4
 Sticky Flame             Fire/Alch      28%        2d7       4%          4
 Summon Forest            Summ/Tloc      21%        N/A       4%          5
 Summon Hydra             Summ           30%        N/A       12%         7
 Fulminant Prism          Conj/Alch      8%         3d7       13%         4
 Olgreb's Toxic Radiance  Alch           17%        N/A       13%         4
 Freezing Cloud           Conj/Ice/Air   12%        6-21      19%         5
 Plasma Beam              Fire/Air       20%        2x1d32    26%         6
 Death's Door             Necr           42%        N/A       26%         9
 Irradiate                Conj/Alch      8%         3d14      34%         5
 Lee's Rapid Deconstruct  Erth           8%         3d7*      34%         5
 Conjure Ball Lightning   Conj/Air       14%        3x3d6     56%         6
 Starburst                Conj/Fire      14%        6d6       56%         6
 Eringya's Noxious Bog    Alch           8%         4d6       87%         6
 Discord                  Hex            26%        N/A       96%         8
 Ozocubu's Refrigeration  Ice            8%         4d9       100%        7
 Ignition                 Fire           20%        3d7       100%        8
 Lehudib's Crystal Spear  Conj/Erth      8%         10d4      100%        8
 Maxwell's Capacitive Co  Air            20%        ∞         100%        8
 Polar Vortex             Ice            8%         12d1*     100%        9
 Animate Armour           Summ/Erth      Unusable   N/A       N/A         4

Dungeon Overview and Level Annotations

Branches:
Dungeon (15/15)            Temple (1/1) D:6            Lair (5/5) D:8
  Swamp (3/4) Lair:2       Spider (0/4) Lair:2        Slime (0/5) Lair:4
    Orc (2/2) D:11            Elf (0/3) Orc:2        Vaults (0/5) D:14
 Depths (0/4) D:15         Bailey (visited)

Altars:
Ashenzari
Cheibriados
Dithmenos
Elyvilon
Fedhas
Gozag
Hepliaklqana
Kikubaaqudgha
Makhleb
Nemelex Xobeh
Okawaru
Qazlal
Ru
Sif Muna
Trog
Uskayaw
Vehumet
Wu Jian
Xom
Yredelemnul
Zin
The Shining One

Shops:
D:2 (   D:5 (   D:7 *??   Orc:2 ?*[=[

Portals:
Pandemonium: Orc:2

Annotations:
D:14 2 transporters, Jogov's ghost, journeyman DgHW
Lair:5 3 exclusions
Swamp:2 exclusion: downstairs
Orc:1 Gastronok


Innate Abilities, Weirdness & Mutations

You have sharp claws.
You have razor-sharp teeth.
You have supernaturally acute eyesight. (SInv)
Your thick and shaggy fur keeps you warm. (AC +3, rC+)
Your paws help you pounce on unaware monsters.
You are incapable of wielding weapons or throwing items.
You cannot wear armour.
You gain extra lives every three experience levels.


Message History

The thorn hunter fires a volley of thorns at you.
The volley of thorns hits Mara!!
The thorn hunter hits Mara but does no damage.
The thorn hunter hits Mara.
Mara hits the thorn hunter but does no damage.
The thorn hunter fires a volley of thorns at you.
The volley of thorns hits Mara!!
You enter the shallow water.
Moving in this stuff is going to be slow.
Mara hits the thorn hunter but does no damage.
The thorn hunter hits Mara!!
The thorn hunter hits Mara but does no damage.
The thorn hunter hits Mara.
The thorn hunter barely misses Mara.
Mara hits the thorn hunter!
Your spectral hornet hits the thorn hunter.
The thorn hunter hits Mara but does no damage. x2
Mara closely misses the thorn hunter.
You swap places.
The thorn hunter closely misses you. The thorn hunter misses you.
Things that are here:
a +0 robe; a +2 demon trident of venom You scratch the thorn hunter.
Your bite misses the thorn hunter.
The thorn hunter is heavily damaged.
The thorn hunter gestures.
Thorny briars emerge from the ground!
You scratch the thorn hunter. Your bite misses the thorn hunter.
The thorn hunter is heavily damaged.
The thorn hunter barely misses you. The thorn hunter hits you!
You barely miss the thorn hunter. You bite the thorn hunter.
The thorn hunter is heavily damaged.
The thorn hunter hits you!!
The thorn hunter hits you but does no damage.
The thorn hunter closely misses you. The thorn hunter hits you.
You closely miss the thorn hunter. Your bite misses the thorn hunter.
The thorn hunter is heavily damaged.
The thorn hunter hits you!
* * * LOW HITPOINT WARNING * * *
The thorn hunter hits you!!
You die...
Kikubaaqudgha rasps: "You have failed me!
Welcome... death!"

♣♣♣ ...♣♣
♣♣.♣♣..~~♣♣♣
♣~.§..~.....
♣♣♣~♣ZZ~.P.!.
♣♣§.~ZZwZ..#
♣.....§)P.# ♣♣♣
♣♣w♣♣§P.§P# ♣<♣♣
♣♣f♣♣♣PPfP#
♣.§♣♣♣@♣Z♣♣♣PP~#
♣P~..ZZZ♣♣


PP... ♣P..~~~♣♣ .~.~.~ ♣♣♣♣P..~~~.♣ ..~.~.. ♣.♣♣P.<..~♣♣ ~~..... ♣♣~♣PPPPP.♣
♣.~P♣PPPP.♣ ♣♣..♣♣♣♣..♣♣ ♣♣.♣ ♣.♣~♣ You could see a thorn hunter (ally target),
a tyrant leech, a friendly spectral spriggan, the friendly Mara the spectral
rakshasa and a friendly tyrant leech zombie.

Vanquished Creatures
  A hydra (Lair:4)
  A vault guard (Bailey)
  A demonspawn (Orc:2)
  4 two-headed ogres
  5 death yaks
  A skeletal warrior (D:14)
  An orc knight (Orc:2)
  A deep elf pyromancer (D:15)
  An orc sorcerer (Orc:2)
  2 manticores (D:11)
  A cane toad (Lair:3)
  2 unseen horrors
  An ice devil (Orc:2)
  2 polar bears
  Prince Ribbit (Bailey)
  2 dream sheep (Lair:5)
  9 blink frogs (Lair:3)
  A spriggan (Lair:5)
  A centaur simulacrum (D:15)
  7 yaks
  4 wraiths
  4 basilisks
  3 humans (Bailey)
  A vampire mosquito (D:12)
  5 water moccasins
  5 orc warriors
  A black bear (Lair:4)
  4 wolves
  A centaur (D:8)
  4 bullfrogs (Bailey)
  A kobold brigand (D:12)
  A scorpion (Lair:2)
  A wight (D:9)
  Dowan (D:4)
  2 killer bees
  2 howler monkeys (D:7)
  3 electric eels (D:14)
  3 orc priests
  4 orc wizards
  2 gnolls
  4 orcs
  A bat (D:1)
  A giant cockroach (Lair:2)
  3 goblins
  A jackal (D:2)
  5 kobolds
  2 butterflies (Lair:1)
114 creatures vanquished.

Vanquished Creatures (collateral kills)
  Mara (Swamp:3)
  A lich (D:14)
  A storm dragon (D:12)
  A deep elf sorcerer (D:14)
  3 bunyips
  A deep elf annihilator (D:14)
  3 eleionomae
  A shambling mangrove (Swamp:3)
  3 hydras
  A vault guard (Bailey)
  2 demonspawn (Orc:2)
  5 alligators
  7 two-headed ogres
  A ghost crab (Swamp:1)
  A catoblepas (D:14)
  A death knight (D:14)
  2 centaur warriors
  5 tengu warriors
  6 boulder beetles
  8 death yaks
  A deep troll earth mage (D:15)
  3 orc high priests (Orc:2)
  Sonja (Lair:4)
  3 skeletal warriors (D:14)
  2 spriggan druids
  The ghost of dorian the Arsonist, a novice DrFE of Vehumet (D:7)
  2 goliath frogs
  An arcanist (D:14)
  A death drake (Swamp:1)
  5 orc knights
  4 bog bodies
  4 deep elf pyromancers
  A necromancer (D:14)
  A harpy (shapeshifter) (D:14)
  4 manticores
  9 orc sorcerers
  6 ugly things
  8 cyclopes
  2 will-o-the-wisps (Swamp:1)
  A manticore (shapeshifter) (D:14)
  2 black mambas
  The ghost of mohammadb5305 the Warrior, an amateur OnBe of Trog (D:4)
  A torpor snail (Lair:5)
  Maggie (Lair:1)
  2 gargoyles
  11 cane toads
  6 komodo dragons
  2 kobold demonologists
  A yaktaur (D:11)
  An unseen horror (D:12)
  A tengu conjurer (D:14)
  A queen bee (D:10)
  2 red devils (Orc:2)
  3 trolls
  4 tyrant leeches
  5 hornets
  A polar bear (Lair:4)
  15 blink frogs
  4 dream sheep (Lair:5)
  2 slime creatures
  Sigmund (D:2)
  3 vampires
  3 wyverns
  6 spriggans
  A water elemental (D:14)
  2 wraiths
  6 yaks
  A fire elemental (D:15)
  6 basilisks
  2 humans (Bailey)
  16 vampire mosquitoes
  8 swamp worms
  3 hell hounds (D:15)
  15 water moccasins
  Duvessa (D:4)
  A nameless horror (D:12)
  An ice beast (D:6)
  Pargi (D:3)
  21 orc warriors
  2 laughing skulls (D:14)
  3 black bears
  An ogre (D:5)
  2 boggarts (Lair:5)
  8 centaurs
  32 wolves
  3 kobold brigands
  2 phantoms (D:6)
  19 bullfrogs
  2 gnoll sergeants
  3 scorpions
  4 wights (D:9)
  25 killer bees
  4 howler monkeys
  A bullfrog zombie (D:4)
  2 lava snakes (D:12)
  2 bombardier beetles (D:5)
  3 jellies (D:5)
  14 orc priests
  A bullfrog skeleton (D:4)
  A gnoll bouda (D:6)
  3 hounds
  A centaur skeleton (D:4)
  Crazy Yiuf (D:2)
  A sleepcap (D:7)
  15 orc wizards
  An iguana (D:4)
  6 adders
  8 gnolls
  2 ufetubi (D:6)
  6 ribbon worms
  2 dart slugs
  52 orcs
  5 ball pythons
  10 bats
  14 endoplasms
  7 giant cockroaches
  7 goblins
  6 hobgoblins
  5 jackals
  18 kobolds
  4 quokkas
  3 frilled lizards
  5 rats
  5 butterflies
599 creatures vanquished.

Vanquished Creatures (others)
  A tengu reaver (D:11)
  3 fenstrider witches (Swamp:1)
  Azrael (D:15)
  A hydra (Lair:4)
  An alligator (Swamp:1)
  A deep troll earth mage (D:15)
  2 death yaks (Lair:4)
  A spriggan (Swamp:1)
  2 death drakes (Swamp:1)
  A swamp dragon (Swamp:1)
  3 orc knights (Orc:2)
  2 cyclopes
  2 cane toads (Lair:5)
  A komodo dragon (Lair:1)
  2 trolls
  2 bloated husks
  A hornet (Swamp:1)
  2 blink frogs (Lair:3)
  2 yaks (Lair:5)
  2 wyverns
  A chaos spawn (Orc:2)
  A water moccasin (Lair:3)
  A hornet zombie (Swamp:3)
  16 orc warriors
  A swamp drake (Swamp:1)
  A centaur (D:10)
  2 bullfrogs (Lair:3)
  4 killer bees
  3 electric eels
  3 orc priests
  4 orc wizards
  11 orcs
  84 blazeheart cores
  2 foxfires (Swamp:1)
167 creatures vanquished.

Grand Total: 880 creatures vanquished

Notes
Turn   | Place    | Note
-------+----------+-------------------------------------------
     0 | D:1      | totrandom the Felid Summoner began the quest for the Orb.
     0 | D:1      | Reached XP level 1. HP: 9/9 MP: 4/4
   285 | D:1      | Reached XP level 2. HP: 13/13 MP: 3/6
   756 | D:1      | Reached XP level 3. HP: 16/16 MP: 2/8
   760 | D:1      | Learned a level 3 spell: Call Canine Familiar
  1294 | D:2      | Found Gaxoismey's Weapon Boutique.
  1550 | D:2      | Noticed Sigmund
  1748 | D:2      | Killed Sigmund
  1749 | D:2      | Reached skill level 5 in Summonings
  1749 | D:2      | Reached XP level 4. HP: 21/21 MP: 4/11
  1749 | D:2      | Gained a life (2 lives remaining)
  1749 | D:2      | Reached XP level 5. HP: 24/24 MP: 4/12
  1774 | D:2      | Learned a level 4 spell: Summon Blazeheart Golem
  2114 | D:2      | Found a runed translucent door.
  2115 | D:2      | Noticed Crazy Yiuf
  2126 | D:2      | Killed Crazy Yiuf
  2354 | D:3      | Found an opulent altar of Gozag.
  2402 | D:3      | Found a sacrificial altar of Ru.
  2433 | D:3      | Noticed Pargi
  2661 | D:3      | Gained mutation: You are covered in thick fur. (AC +2)
                  | [Felid growth]
  2661 | D:3      | Reached XP level 6. HP: 28/28 MP: 10/13
  2675 | D:3      | Got the Secrets of the Airy Syncline
  2751 | D:3      | Found a snail-covered altar of Cheibriados.
  2763 | D:3      | Reached skill level 1 in Fire Magic
  3096 | D:3      | Found a shimmering blue altar of Sif Muna.
  3348 | D:3      | Found a faded altar of an unknown god.
  3749 | D:3      | Killed Pargi
  4029 | D:4      | Noticed Dowan
  4035 | D:4      | Noticed Duvessa
  4045 | D:4      | Killed Duvessa
  4046 | D:4      | Reached XP level 7. HP: 32/32 MP: 10/15
  4052 | D:4      | Killed Dowan
  4134 | D:4      | Found a stormy altar of Qazlal.
  4416 | D:4      | Reached skill level 5 in Spellcasting
  4519 | D:4      | Found a runed translucent gate.
  4519 | D:4      | Found a runed translucent gate.
  4519 | D:4      | Found a runed translucent gate.
  4525 | D:4      | Noticed mohammadb5305's ghost (amateur OnBe)
  4564 | D:4      | Reached skill level 1 in Evocations
  4714 | D:4      | Killed mohammadb5305's ghost
  4715 | D:4      | Reached XP level 8. HP: 36/36 MP: 3/17
  4859 | D:4      | Learned a level 4 spell: Summon Lightning Spire
  4881 | D:5      | Entered Level 5 of the Dungeon
  4886 | D:5      | Found Apnoxij's Antique Weapon Shop.
  5189 | D:5      | Reached skill level 1 in Air Magic
  5883 | D:6      | Found an ancient bone altar of Kikubaaqudgha.
  5889 | D:6      | Became a worshipper of Kikubaaqudgha
  6332 | D:6      | Found a staircase to the Ecumenical Temple.
  6388 | D:6      | Reached XP level 9. HP: 39/39 MP: 13/19
  6437 | Temple   | Entered the Ecumenical Temple
  6479 | D:6      | Found a shadowy altar of Dithmenos.
  6656 | D:7      | Noticed dorian's ghost (novice DrFE)
  6658 | D:7      | Found a runed translucent door.
  6686 | D:7      | Found Vopt's Magic Scroll Emporium.
  6767 | D:7      | Bought a scroll of identify for 20 gold pieces
  6767 | D:7      | Bought a scroll of amnesia for 40 gold pieces
  6767 | D:7      | Bought a scroll of blinking for 75 gold pieces
  6767 | D:7      | Bought a scroll of blinking for 75 gold pieces
  6767 | D:7      | Bought a scroll of identify for 20 gold pieces
  6806 | D:7      | Found Wepnifai's Magic Scroll Emporium.
  6818 | D:7      | Bought 3 scrolls of identify for 66 gold pieces
  6835 | D:7      | Found a hide-covered altar of Uskayaw.
  6960 | D:7      | Found a glowing golden altar of the Shining One.
  6975 | D:7      | Found a basalt altar of Yredelemnul.
  7016 | D:7      | Found Xooqoch's General Store.
  7023 | D:7      | Bought a scroll of teleportation for 39 gold pieces
  7044 | D:7      | Found a radiant altar of Vehumet.
  7317 | D:7      | Identified the +9 rapier of Death's Door {freeze, Fly rPois
                  | rC+}
  7554 | D:7      | Killed dorian's ghost
  7555 | D:7      | Reached skill level 5 in Fire Magic
  7555 | D:7      | Reached skill level 5 in Evocations
  7698 | D:8      | Found a flagged portal.
  7707 | Bailey   | Entered a bailey
  7752 | Bailey   | Reached * piety under Kikubaaqudgha
  7752 | Bailey   | Received a gift from Kikubaaqudgha
  7836 | Bailey   | Reached XP level 10. HP: 44/44 MP: 14/22
  7848 | Bailey   | Reached skill level 5 in Air Magic
  7877 | Bailey   | Noticed a vault guard
  7887 | Bailey   | Killed a vault guard
  7956 | Bailey   | Noticed a vault guard
  7956 | Bailey   | Noticed Prince Ribbit
  7979 | Bailey   | Killed Prince Ribbit
  7981 | Bailey   | Killed a vault guard
  8099 | Bailey   | Reached skill level 10 in Summonings
  8121 | Bailey   | Learned a level 2 spell: Blink
  8190 | D:8      | Found a staircase to the Lair.
  8397 | D:8      | Reached ** piety under Kikubaaqudgha
  8478 | D:8      | Found a shadowy altar of Dithmenos.
  8480 | D:8      | Found a white marble altar of Elyvilon.
  8480 | D:8      | Found an ornate altar of the Wu Jian Council.
  8482 | D:8      | Found a shimmering altar of Xom.
  8482 | D:8      | Found a shimmering altar of Xom.
  8482 | D:8      | Found a shimmering altar of Xom.
  9288 | D:7      | Bought a scroll of fog for 44 gold pieces
  9288 | D:7      | Bought a scroll of identify for 22 gold pieces
  9769 | D:9      | Found a bloodstained altar of Trog.
 10217 | D:9      | Reached XP level 11. HP: 47/47 MP: 23/25
 10397 | Lair:1   | Entered Level 1 of the Lair of Beasts
 10565 | Lair:1   | Reached *** piety under Kikubaaqudgha
 10565 | Lair:1   | Received a gift from Kikubaaqudgha
 10566 | Lair:1   | Reached skill level 10 in Spellcasting
 10571 | Lair:1   | Learned a level 4 spell: Anguish
 10632 | Lair:1   | Reached skill level 1 in Hexes
 10660 | Lair:1   | Reached skill level 1 in Necromancy
 10765 | Lair:1   | Reached skill level 2 in Necromancy
 10811 | Lair:1   | Noticed Maggie
 10837 | Lair:1   | Killed Maggie
 11015 | Lair:1   | Reached skill level 3 in Necromancy
 11104 | Lair:1   | Reached skill level 5 in Hexes
 11537 | Lair:2   | Reached skill level 4 in Necromancy
 11655 | Lair:2   | Reached skill level 5 in Necromancy
 11787 | Lair:2   | Reached skill level 6 in Necromancy
 11840 | Lair:2   | Gained mutation: Your thick and shaggy fur keeps you warm.
                  | (AC +3, rC+) [Felid growth]
 11840 | Lair:2   | Reached XP level 12. HP: 51/51 MP: 21/27
 11856 | Lair:2   | Reached **** piety under Kikubaaqudgha
 11973 | Lair:2   | Noticed an alligator
 11978 | Lair:2   | Found a hole to the Spider Nest.
 11979 | Lair:2   | Killed an alligator
 12090 | Lair:2   | Found a staircase to the Swamp.
 12334 | Lair:3   | Slain by a blink frog
 12334 | Lair:3   | Lost a life (1 life remaining)
 12339 | Lair:3   | Reached skill level 7 in Necromancy
 12365 | Lair:3   | Reached skill level 8 in Necromancy
 12368 | Lair:3   | Slain by a basilisk
 12368 | Lair:3   | Lost a life (0 lives remaining)
 12387 | Lair:3   | Learned a level 6 spell: Death Channel
 12551 | Lair:3   | Reached skill level 9 in Necromancy
 13134 | Lair:4   | Noticed a five-headed hydra
 13224 | Lair:4   | Killed a five-headed hydra
 13320 | Lair:4   | Noticed a death yak
 13321 | Lair:4   | Noticed a death yak
 13321 | Lair:4   | Noticed a death yak
 13323 | Lair:4   | Noticed a death yak
 13329 | Lair:4   | Noticed a death yak
 13331 | Lair:4   | Killed a death yak
 13338 | Lair:4   | Killed a death yak
 13339 | Lair:4   | Reached skill level 10 in Necromancy
 13342 | Lair:4   | Killed a death yak
 13343 | Lair:4   | Reached ***** piety under Kikubaaqudgha
 13344 | Lair:4   | Killed a death yak
 13346 | Lair:4   | Killed a death yak
 13401 | Lair:4   | Reached XP level 13. HP: 18/55 MP: 17/30
 13401 | Lair:4   | Gained a life (1 life remaining)
 13423 | Lair:4   | Found a staircase to the Slime Pits.
 13619 | Lair:4   | Slain by a death yak
 13619 | Lair:4   | Lost a life (0 lives remaining)
 13661 | Lair:4   | Noticed Sonja
 13665 | Lair:4   | Killed Sonja
 13666 | Lair:4   | Reached skill level 11 in Necromancy
 14487 | Lair:4   | Learned a level 5 spell: Borgnjor's Vile Clutch
 14631 | D:10     | Entered Level 10 of the Dungeon
 14983 | D:10     | Found a white marble altar of Elyvilon.
 15315 | D:10     | Found an iron altar of Okawaru.
 15315 | D:10     | Found a sparkling altar of Nemelex Xobeh.
 15697 | Lair:5   | Entered Level 5 of the Lair of Beasts
 15741 | Lair:5   | Reached skill level 12 in Necromancy
 16641 | Lair:5   | Reached skill level 13 in Necromancy
 16652 | Lair:5   | Reached XP level 14. HP: 47/59 MP: 22/33
 16652 | Lair:5   | Gained a life (1 life remaining)
 17030 | D:11     | Found a runed translucent door.
 17033 | D:11     | Noticed a tengu reaver
 17035 | D:11     | Identified the +5 ring mail of the Old and Reckless {rC+}
 17276 | D:11     | Reached ****** piety under Kikubaaqudgha
 17277 | D:11     | Received a gift from Kikubaaqudgha (forbidden knowledge)
 17299 | D:11     | Learned a level 7 spell: Haunt
 17845 | D:11     | Found a staircase to the Orcish Mines.
 17996 | Orc:1    | Entered Level 1 of the Orcish Mines
 18046 | Orc:1    | Reached skill level 14 in Necromancy
 18360 | Orc:1    | Noticed Gastronok
 18540 | Orc:2    | Entered Level 2 of the Orcish Mines
 18616 | Orc:2    | Found Eloapi's Antique Armour Shop.
 19121 | Orc:2    | Found a staircase to the Elven Halls.
 19703 | Orc:2    | Found Efrireb's General Store.
 19711 | Orc:2    | Found Intu's Magic Scroll Shop.
 19941 | Orc:2    | Reached skill level 15 in Necromancy
 20519 | Orc:2    | Found Neagh's Jewellery Emporium.
 20519 | Orc:2    | Found Lal Xoli's Antique Armour Shoppe.
 20542 | Orc:2    | Reached skill level 16 in Necromancy
 20668 | Orc:2    | Found a one-way gate leading to the halls of Pandemonium.
 20680 | Orc:2    | Bought a ring of protection from fire for 350 gold pieces
 20709 | Orc:2    | Bought a scroll of teleportation for 39 gold pieces
 20709 | Orc:2    | Bought a scroll of summoning for 123 gold pieces
 21077 | D:11     | Killed a tengu reaver
 21828 | D:11     | Identified the ring of Ascent {rElec Will- Str+3 Slay+4}
 21831 | D:11     | Got Oness's Anthology of Freezing Curses
 22307 | D:12     | Noticed a storm dragon
 22319 | D:12     | Killed a storm dragon
 22379 | D:12     | Reached XP level 15. HP: 63/63 MP: 25/34
 22379 | D:12     | Gained a life (2 lives remaining)
 22965 | D:12     | Learned a level 8 spell: Infestation
 23644 | D:14     | Reached skill level 15 in Spellcasting
 23718 | D:14     | Reached skill level 17 in Necromancy
 24389 | D:14     | Identified the ring "Docwuegh" {Ice Fly Stlth+}
 24481 | D:14     | Noticed a deep elf sorcerer
 24481 | D:14     | Noticed a lich
 24489 | D:14     | HP: 3/63 [deep elf sorcerer/bolt of acid (9)]
 24489 | D:14     | Killed a deep elf sorcerer
 24993 | D:14     | Reached skill level 18 in Necromancy
 25007 | D:14     | Found a gate to the Vaults.
 25086 | D:14     | Noticed Jogov's ghost (journeyman DgHW)
 25087 | D:14     | Identified the +4 great mace of Riofroi {freeze, rC+ Int+2
                  | SInv}
 25087 | D:14     | Noticed a frost giant
 25088 | D:14     | Found a transporter.
 25089 | D:14     | Noticed a frost giant
 25098 | D:14     | Found a transporter.
 25156 | D:14     | Killed a lich
 25526 | D:15     | Entered Level 15 of the Dungeon
 25714 | D:15     | Found an opulent altar of Gozag.
 26070 | D:15     | Noticed Azrael
 26090 | D:15     | Reached skill level 19 in Necromancy
 26101 | D:15     | Killed Azrael
 26496 | D:15     | Found a staircase to the Depths.
 26829 | Swamp:1  | Entered Level 1 of the Swamp
 26860 | Swamp:1  | Reached XP level 16. HP: 67/67 MP: 8/36
 26908 | Swamp:1  | Splashed by a goliath frog's acid
 26908 | Swamp:1  | Lost a life (1 life remaining)
 27226 | Swamp:1  | Learned a level 4 spell: Animate Dead
 27226 | Swamp:1  | Upgraded the game from 0.31.0-4-g52a2dc7128 to
                  | 0.31.0-7-gf635a9b802
 27487 | Swamp:2  | Reached skill level 20 in Necromancy
 28122 | Swamp:3  | Noticed Mara
 28345 | Swamp:3  | Killed Mara
 28355 | Swamp:3  | Noticed a thorn hunter
 28356 | Swamp:3  | Upgraded the game from 0.31.0-7-gf635a9b802 to
                  | 0.31.0-11-ge490571c62
 28364 | Swamp:3  | Demolished by a tyrant leech
 28364 | Swamp:3  | Lost a life (0 lives remaining)
 28387 | Swamp:3  | Slain by a thorn hunter

Illustrated notes

Levels and vault maps discovered:
D:1:      amcnicky_arrival_wind_blow, layout_rooms, minmay_3d_cube
D:2:      layout_basic, serial_curves, eino_curves_02, eino_curves_03,
          eino_curves_02, eino_curves_02, serial_shops, nicolae_shop_stone,
          grunt_ministairs_14, uniq_crazy_yiuf_cottage, uniq_sigmund
D:3:      layout_basic, mainiacjoe_overflow_paths, jmf_multi_god_temple,
          lemuel_doored_altar, shapermc_ecumenical_altar_mp_vishouse,
          minivault_14, grunt_ministairs_4, kennysheep_donut,
          minmay_joined_circles, uniq_pargi
D:4:      minmay_spotlight, layout_basic, mainiacjoe_overflow_alcove_4,
          gammafunk_ghost_necromancy, minmay_misc_feat_encased,
          bh_walls_and_bars, uniq_duvessa
D:5:      kennysheep_six_static_rooms, layout_loops_cross, serial_shops, shop,
          nicolae_twisty_statue_hallways
D:6:      layout_loops_ring, grunt_dithmenos_shadows, overflow_temple_1_default,
          minmay_temple_entry_mini_moons, kennysheep_generic_room_6
D:7:      layout_loops_ring, lemuel_round_altar, overflow_temple_1_default,
          nicolae_tso_carved_into_rock, mainiacjoe_overflow_alcove_2,
          hellmonk_ghost_happy_afterlife, serial_shops, nicolae_diamond_shop,
          nicolae_lakefront_shop, shop, nicolae_figureground_sparkle
D:8:      layout_cave_pods, doesnt_xom_only_xom, lair_entry_dummy,
          enter_bailey_2, nicolae_elevator_lobby_plus
D:9:      layout_cave_pods, mainiacjoe_overflow_concentric_impassable
D:10:     layout_basic, elyvilon_altar_4, gammafunk_temple_overflow_pools,
          nicolae_looking_at_the_future
D:11:     layout_rooms, david_orc_5, minmay_st_funbox, chequers_jeans
D:12:     layout_loops_ring, kennysheep_island_fort
D:13:     layout_big_octagon
D:14:     layout_cave_pools, david_vaults_1, minivault_14,
          gauntlet_entry_generic, gammafunk_ghost_smash,
          chequers_serial_rivers_micro_c, minmay_the_grid_2x2
          [minmay_the_grid_aliased_spiral, minmay_the_grid_expand,
          minmay_the_grid_tri_star, minmay_the_grid_prize_trominoes]
D:15:     hellmonk_depths_entry_around_the_bend, layout_irregular_city,
          nicolae_gozag_seed_capital, grunt_ministairs_1, uniq_azrael
Temple:   hellmonk_temple_beads
Lair:1:   layout_chaotic_city, infiniplex_staircase_pool_2, lemuel_fruit_fields,
          grunt_megastairs_5, uniq_maggie
Lair:2:   layout_cave_shapes, mainiacjoe_swamp_entry_lozenge_pond,
          nicolae_spider_entry_non_spiders, grunt_megastairs_3
Lair:3:   layout_regular_city, kennysheep_basilisk_garden
Lair:4:   layout_regular_city, dpeg_slime_entry_enclosed,
          gammafunk_lair_bear_cave, serial_bayou_shore_a, serial_bayou_shore_b,
          lemuel_fruit_fields, uniq_sonja
Lair:5:   minmay_lair_end_enchanted_forest, layout_regular_city,
          infiniplex_staircase_pool
Swamp:1:  layout_basic_swamp, evilmike_swamp_ruin_house_5
Swamp:2:  layout_falls_marsh, evilmike_swamp_ruin_house_6, swamp_pool_4
Swamp:3:  layout_falls_marsh, nicolae_swamp_well_well_well, swamp_pool_1_2,
          uniq_mara
Orc:1:    layout_diamond_mine, uniq_gastronok
Orc:2:    pf_orc_diabolical, layout_diamond_mine, serial_shops, shop

Skill      XL: |  1  2  3  4  5  6  7  8  9 10 11 12 13 14 15 16 |
---------------+-------------------------------------------------+-----
Spellcasting   | 4 5 6 7 9 10 12 14 15 | 15.0
Summonings     | 5 6 7 8 10 11 | 11.0
Fire Magic     | 2 3 4 5 |  5.0
Evocations     | 2 4 5 |  5.0
Air Magic      | 2 4 5 |  5.0
Hexes          | 7 8 |  8.0
Necromancy     | 6 10 13 16 19 20 | 20.7
Dodging        | |  2.6
Stealth        | |  2.6

Action                     |  1- 3 |  4- 6 |  7- 9 | 10-12 | 13-15 | 16-18 || total
---------------------------+-------+-------+-------+-------+-------+-------++-------
  Melee: Unarmed           |    13 |     5 |       |     9 |    28 |     6 ||    61
         Bite              |     5 |     1 |       |       |     2 |     1 ||     9
         Punch             |     2 |       |       |       |       |       ||     2
   Cast: Summon Small Mamm |    49 |    18 |     5 |       |       |       ||    72
         Call Canine Famil |     7 |    13 |    22 |    41 |    31 |       ||   114
         Summon Blazeheart |       |     1 |    31 |    88 |   102 |       ||   222
         Summon Lightning  |       |       |     8 |    59 |    77 |       ||   144
         Anguish           |       |       |       |    25 |    92 |     1 ||   118
         Death Channel     |       |       |       |    11 |    98 |    17 ||   126
         Blink             |       |       |       |     1 |     8 |     1 ||    10
         Haunt             |       |       |       |       |   149 |    45 ||   194
         Borgnjor's Vile C |       |       |       |       |    43 |     2 ||    45
         Infestation       |       |       |       |       |    38 |    14 ||    52
         Animate Dead      |       |       |       |       |       |     6 ||     6
 Invoke: Receive Forbidden |       |       |       |       |     1 |       ||     1
         Unearth Wretches  |       |       |       |       |     2 |     2 ||     4
  Evoke: Wand              |       |       |       |       |     5 |       ||     5
    Use: Scroll            |       |     4 |    16 |    11 |     9 |     1 ||    41
         Potion            |       |       |     1 |    10 |     2 |     1 ||    14
 Armour: Skin              |     7 |     6 |    12 |    59 |   138 |    26 ||   248
  Dodge: Dodged            |    21 |    14 |    32 |    92 |   165 |    15 ||   339
